 Dungeon Crawl Stone Soup version 0.30-a0-591-g3c58d2bc28 (webtiles) character file.

Game seed: 3691837543703213378

115784 Khashishi the Force of Nature (level 16, -12/123 HPs)
             Began as a Demonspawn Hedge Wizard on Jan 4, 2023.
             Was the Champion of Fedhas.
             Killed by an exploding ballistomycete spore (57 damage)
             ... on level 1 of the Spider Nest on Jan 5, 2023.
             The game lasted 03:23:31 (22715 turns).

Khashishi the Force of Nature (DsHW)               Turns: 22715, Time: 03:23:31

Health: -12/123    AC: 23    Str: 11    XL:     16   Next: 19%
Magic:  11/25      EV: 21    Int: 28    God:    Fedhas [******]
Gold:   3577       SH:  0    Dex: 22    Spells: 9/29 levels left

rFire   x . .      SeeInvis .    b - +10 short sword of Lil Urep {pain, *Slow rC+ Dex+4 Stlth+}
rCold   + + .      Faith    .    (no shield)
rNeg    + . .      Spirit   .    F - +0 swamp dragon scales
rPois   +          Reflect  .    k - +1 helmet {Int+3}
rElec   .          Harm     .    (cloak unavailable)
rCorr   .          Rampage  .    p - +1 pair of gloves
Will    ++++.                    Z - +1 pair of boots "Kaostriap" {Contam rC+ rN+ Will+}
Stlth   +++                      r - amulet of regeneration
HPRegen 1.20/turn                i - ring "Joruesm" {Fly rF- Will++ Int+7}
MPRegen 0.19/turn                W - ring of Equivalence {EV+5 Stlth+}

@: confused, sanguine armoured, on blink cooldown, flying, studying Short Blades
A: demonic guardian 2, powered by pain 2, sanguine armour 2, weakness stinger 3,
low MP 1
a: Renounce Religion, Wall of Briars, Grow Ballistomycete, Overgrow, Grow Oklob


You were on level 1 of the Spider Nest.
You worshipped Fedhas.
Fedhas was exalted by your worship.
You visited 6 branches of the dungeon, and saw 25 of its levels.
You also visited: Sewer, Gauntlet, Ice Cave and Volcano.

You collected 3772 gold pieces.
You spent 195 gold pieces at shops.

Inventory:

Hand Weapons
 b - the +10 short sword of Lil Urep (weapon) {pain, *Slow rC+ Dex+4 Stlth+}
   (You found it on level 2 of the Dungeon)

   Dex:       It affects your dexterity (+4).
   rC:        It protects you from cold.
   *Slow:     It may slow you when you take damage.
   Stlth:     It makes you more stealthy.
Missiles
 B - 4 throwing nets (quivered)
 V - 6 curare-tipped darts
Armour
 k - a +1 helmet of intelligence (worn)
 p - a +1 pair of gloves (worn)
 F - +0 swamp dragon scales (worn)
 Z - the +1 pair of boots "Kaostriap" (worn) {Contam rC+ rN+ Will+}
   (You acquired it on level 1 of the Depths)

   rC:        It protects you from cold.
   rN:        It protects you from negative energy.
   Contam:    It causes magical contamination when unequipped.
   Will:      It increases your willpower.
Jewellery
 i - the ring "Joruesm" (left hand) {Fly rF- Will++ Int+7}
   (You found it on level 6 of the Dungeon)

   [ring of flight]

   Int:       It affects your intelligence (+7).
   rF:        It makes you vulnerable to fire.
   Fly:       It grants you flight.
   Will:      It greatly increases your willpower.
 r - an amulet of regeneration (around neck)
 O - a ring of positive energy
 W - the ring of Equivalence (right hand) {EV+5 Stlth+}
   (You found it on level 14 of the Dungeon)

   [ring of evasion]

   EV:        It affects your evasion (+5).
   Stlth:     It makes you more stealthy.
 X - a ring of ice
Wands
 c - a wand of quicksilver (1)
 t - a wand of roots (4)
 u - a wand of mindburst (10)
 E - a wand of flame (46)
 R - a wand of polymorph (2)
 T - a wand of digging (8)
Scrolls
 l - 4 scrolls of immolation
 m - 2 scrolls of silence
 o - 2 scrolls of fog
 w - 5 scrolls of blinking
 x - 7 scrolls of fear
 y - 2 scrolls of identify
 C - 4 scrolls of magic mapping
 G - 7 scrolls of teleportation
 H - 4 scrolls of poison
 K - a scroll of vulnerability
Potions
 a - 2 potions of attraction
 d - 5 potions of magic
 e - 10 potions of curing
 f - 6 potions of haste
 j - 2 potions of might
 n - 6 potions of cancellation
 q - 5 potions of flight
 v - a potion of resistance
 z - a potion of lignification
 A - 6 potions of brilliance
 D - 2 potions of ambrosia
 I - a potion of invisibility
 J - a potion of berserk rage
Miscellaneous
 L - a tin of tremorstones (inert)


   Skills:
 - Level 10.5 Fighting
 - Level 13.1 Short Blades
 - Level 3.5 Armour
 - Level 8.5 Dodging
 - Level 10.9 Stealth
 - Level 7.0 Spellcasting
 - Level 2.4 Conjurations
 - Level 3.0 Summonings
 - Level 12.0 Necromancy
 - Level 3.0 Translocations
 + Level 11.8 Ice Magic
 - Level 16.0 Invocations


You had 9 spell levels left.
You knew the following spells:

 Your Spells              Type           Power      Damage    Failure   Level
a - Magic Dart            Conj           92%        1d7       4%          1
b - Summon Ice Beast      Ice/Summ       50%        N/A       6%          4
c - Vampiric Draining     Necr           67%        2d10      1%          3
d - Call Imp              Summ           26%        N/A       5%          2
e - Blink                 Tloc           52%        N/A       5%          2
g - Ensorcelled Hibernat  Hex/Ice        84%        N/A       1%          2
s - Simulacrum            Ice/Necr       33%        N/A       14%         6

Your spell library contained the following spells:

 Spells                   Type           Power      Damage    Failure   Level
 Freeze                   Ice            100%       1d10      1%          1
 Cigotuvi's Dreadful Rot  Necr/Pois/Air  64%        N/A       3%          2
 Slow                     Hex            36%        N/A       12%         1
 Sting                    Tmut/Pois      36%        1d4       12%         1
 Poisonous Vapours        Pois/Air       18%        N/A       19%         2
 Portal Projectile        Hex/Tloc       36%        N/A       21%         3
 Vhi's Electric Charge    Tloc/Air       36%        N/A       21%         3
 Kindle Blastsparks       Fire/Tloc/Air  30%        2d12      24%         3
 Mephitic Cloud           Conj/Pois/Air  14%        N/A       26%         3
 Passage of Golubria      Tloc           26%        N/A       34%         4
 Confusing Touch          Hex            9%         N/A       36%         3
 Tukima's Dance           Hex            9%         N/A       36%         3
 Iskenderun's Mystic Bla  Conj/Tloc      24%        2d7       38%         4
 Freezing Cloud           Conj/Ice/Air   18%        6-21      45%         5
 Summon Lightning Spire   Summ/Air       18%        N/A       54%         4
 Fulminant Prism          Conj/Hex       8%         3d7       58%         4
 Olgreb's Toxic Radiance  Pois           9%         N/A       77%         4
 Iskenderun's Battlesphe  Conj           23%        2d8       78%         5
 Arcjolt                  Conj/Air       8%         1d18      91%         5
 Fireball                 Conj/Fire      8%         3d6       91%         5
 Blade Hands              Tmut           4%         N/A       98%         5
 Lee's Rapid Deconstruct  Erth           4%         3d5*      98%         5
 Yara's Violent Unravell  Hex/Tmut       4%         3d4       98%         5
 Conjure Ball Lightning   Conj/Air       8%         3x3d6     100%        6
 Orb of Destruction       Conj           11%        9d6       100%        7
 Storm Form               Tmut/Air       4%         N/A       100%        7
 Maxwell's Capacitive Co  Air            4%         ∞         100%        8
 Polar Vortex             Ice            33%        N/A       100%        9


Dungeon Overview and Level Annotations

Branches:
Dungeon (15/15)            Temple (1/1) D:4            Lair (5/5) D:11
 Shoals (0/4) Lair:2       Spider (1/4) Lair:3        Slime (0/5) Lair:4
    Orc (2/2) D:10            Elf (0/3) Orc:2        Vaults (0/5) D:14
 Depths (1/4) D:15          Sewer (visited)           IceCv (visited)
Volcano (visited)         Gauntlet (visited)

Altars:
Ashenzari
Cheibriados
Dithmenos
Fedhas
Gozag
Hepliaklqana
Kikubaaqudgha
Makhleb
Nemelex Xobeh
Okawaru
Qazlal
Ru
Sif Muna
Trog
Uskayaw
Vehumet
Wu Jian
Xom
Yredelemnul

Shops:
D:11 *   D:12 (   Orc:2 (?[![


Innate Abilities, Weirdness & Mutations

A demonic guardian rushes to your aid.
You sometimes gain power by taking damage.
When seriously injured, your blood forms thick armour. (AC +9)
You have a sharp stinger which inflicts weakening toxins.
Your magical capacity is low. (-10% MP)


Message History

You feel sick. The culicivora bites you!
The culicivora draws strength from your injuries!
Something pounces on your ice devil but does no damage.
Something bites your ice devil but does no damage.
The redback misses you.
Your ice devil tears the web.
Your ballistomycete spore explodes!
The redback appears confused.
The explosion of spores engulfs the redback!!!
You kill the redback!
Fedhas appreciates your contribution to the ecosystem.
Fedhas protects your plant from harm.
Your demonic guardian avoids your attack.
The culicivora appears confused.
The explosion of spores engulfs the culicivora!!!
You kill the culicivora!
Fedhas appreciates your contribution to the ecosystem.
A freezing mist starts to gather... x2
You hear a chilling moan.
You hear a skittering sound.
A culicivora simulacrum, a redback simulacrum and a ballistomycete spore come into view.
Casting: Vampiric Draining (safe; 1% risk of failure)
Confirm with . or Enter, or press ? or * to list all spells.
You blink.
You feel sick.
The jumping spider pounces on your ice devil!
The jumping spider bites your ice devil but does no damage.
The jumping spider pounces on your ice devil.
The jumping spider bites your ice devil.
Your ice devil completely misses the jumping spider.
The culicivora simulacrum attacks as you move away!
The culicivora simulacrum closely misses you.
You feel sick.
You are no longer poisoned.
The jumping spider leaps!
The culicivora simulacrum bites your ballistomycete spore!
The culicivora simulacrum freezes your ballistomycete spore!
Your ballistomycete spore explodes!
The explosion of spores engulfs you!!!
You are confused.
You die...
Fedhas appreciates your contribution to the ecosystem.

#..#..^#####... ...# s
#.....##.#.##.. . ...#.
#.....#.....#.. .. #....
##...###...###.. ...
.ss###..###.#.<..#...
#...##s...#.§#...#...##..#
..s.s..>.##ZZ#..##..##...#
.....B..##.P.4○.#...)..#.#
##..#@......#......###
#......#>.....######
###^.####.#........#
.....# #####......#
........ ##.......
###...#.. #...... .....#..
..#... ......#... ###...
.#.... ##. #.


You could see a redback simulacrum, a culicivora simulacrum (ally target), a
friendly ice devil (summoned) and a friendly ballistomycete (summoned).

Vanquished Creatures
  Jorgrun (D:13)
  2 azure jellies (IceCv)
  Louise (D:15)
  2 stone giants (Depths:1)
  A very ugly thing (D:15)
  Nessos (D:14)
  A red draconian (Volcano)
  3 dire elephants (Lair:5)
  Snorg (D:10)
  A great orb of eyes (D:15)
  2 fire dragons (Depths:1)
  Harold (D:10)
  4 hydras
  2 ogre magi
  A death knight (D:14)
  A jorogumo (shapeshifter) (Gauntlet)
  4 centaur warriors
  A boulder beetle (D:13)
  9 two-headed ogres
  Urug (D:13)
  5 orc high priests
  4 death yaks
  A spectral death yak (Lair:5)
  3 sixfirhies (Gauntlet)
  6 skeletal warriors
  A death drake (Gauntlet)
  A spectral anaconda (Lair:5)
  A pharaoh ant (Spider:1)
  2 obsidian statues
  A phantasmal warrior (D:14)
  A wizard (D:14)
  4 orc knights (Orc:2)
  4 necromancers (Lair:5)
  6 orc sorcerers (Orc:2)
  A harpy (Lair:2)
  2 deep elf pyromancers
  7 manticores
  A cyclops (D:11)
  8 ugly things
  An elephant (shapeshifter) (Gauntlet)
  A spectral centaur (Gauntlet)
  10 black mambas
  2 centaur zombies (Gauntlet)
  12 elephants (Lair:5)
  2 ice statues (IceCv)
  12 cane toads
  An eye of devastation (shapeshifter) (D:15)
  A gargoyle (D:12)
  2 centaur skeletons (D:14)
  An unseen horror (D:12)
  Maggie (D:9)
  3 kobold demonologists (D:10)
  3 rime drakes
  9 komodo dragons
  An ice devil (Gauntlet)
  3 yaktaurs (D:14)
  A wind drake (shapeshifter) (D:14)
  A polar bear (Lair:3)
  2 trolls
  5 blink frogs (Lair:4)
  A meliai (Lair:3)
  A hornet (D:11)
  A spectral meliai (Gauntlet)
  6 dream sheep
  Sigmund (D:3)
  A spriggan (Lair:3)
  A culicivora (Spider:1)
  A shadow (D:13)
  3 centaur simulacra (Gauntlet)
  27 slime creatures
  2 large abominations (D:14)
  2 wyverns
  3 wraiths (D:12)
  A vampire (D:13)
  Grum (D:8)
  3 basilisks
  42 yaks
  A fire elemental (Depths:1)
  A dire elephant simulacrum (Lair:5)
  2 water elementals (D:15)
  A death yak simulacrum (Lair:5)
  2 redbacks (Spider:1)
  Menkaure (D:6)
  A spectral cane toad (Lair:5)
  2 wargs
  2 acid dragons
  9 water moccasins
  Duvessa (D:6)
  20 orc warriors
  2 sky beasts
  An elephant zombie (Lair:5)
  A great orb of eyes simulacrum (IceCv)
  An ice beast (D:5)
  17 wolves
  10 ogres
  18 centaurs
  4 slime creature simulacra (IceCv)
  5 small abominations (D:14)
  4 kobold brigands
  2 necrophages
  14 bullfrogs
  A gnoll sergeant (D:10)
  2 scorpions (D:7)
  A cane toad simulacrum (Lair:5)
  3 glowing shapeshifter simulacra (IceCv)
  11 wights
  A hornet simulacrum (Gauntlet)
  12 killer bees
  5 howler monkeys
  6 jellies
  A hound (D:7)
  22 orc priests
  4 gnoll boudas
  3 iguanas
  17 orc wizards
  19 hell rats
  2 shapeshifter simulacra (IceCv)
  A boggart skeleton (D:14)
  18 gnolls
  6 adders
  4 river rats (Sewer)
  A shadow imp (D:5)
  6 white imps
  3 ufetubi
  3 worms
  6 dart slugs
  30 orcs
  4 bats
  8 endoplasms
  8 giant cockroaches
  6 goblins
  3 hobgoblins
  13 jackals
  20 kobolds
  3 quokkas
  5 ball pythons
  4 frilled lizards
  10 rats
  3 ballistomycete spores
667 creatures vanquished.

Vanquished Creatures (collateral kills)
  A dire elephant (Lair:5)
  A minotaur (Gauntlet)
  Josephine (D:12)
  Erolcha (D:9)
  A centaur warrior (D:14)
  2 two-headed ogres
  A skeletal warrior (D:14)
  2 harpies (Lair:2)
  5 ugly things
  A black mamba (Lair:5)
  A centaur skeleton (D:14)
  A freezing wraith (D:14)
  A yaktaur (D:14)
  A komodo dragon (Lair:2)
  A snapping turtle (shapeshifter) (Gauntlet)
  3 slime creatures (IceCv)
  A wraith (D:14)
  4 yaks
  3 large abominations (D:14)
  2 small abominations (D:14)
  2 wolves
  A boggart (D:14)
  5 wights
  Dowan (D:6)
  2 killer bees (D:9)
  An orc priest (D:9)
  2 orc wizards
  A hell rat (Lair:4)
  2 gnolls (D:4)
  A river rat (Sewer)
  An adder (D:4)
  An ufetubus (Gauntlet)
  A worm (D:10)
  5 orcs
  152 ballistomycete spores
212 creatures vanquished.

Vanquished Creatures (others)
  A wizard (D:14)
  An oklob plant (Lair:3)
  A slime creature (IceCv)
  8 ballistomycete spores
  40 fungi
  57 plants
  7 toadstools (D:1)
  19 withered plants (Lair:5)
134 creatures vanquished.

Grand Total: 1013 creatures vanquished

Notes
Turn   | Place    | Note
-------+----------+-------------------------------------------
     0 | D:1      | Khashishi the Demonspawn Hedge Wizard began the quest for
                  | the Orb.
     0 | D:1      | Reached XP level 1. HP: 13/13 MP: 4/4
     2 | D:1      | Learned a level 1 spell: Slow
   240 | D:1      | Gained mutation: You have a small tail. [demonic ancestry]
   240 | D:1      | Reached XP level 2. HP: 15/19 MP: 1/6
   249 | D:1      | Learned a level 2 spell: Blink
   252 | D:1      | Learned a level 2 spell: Call Imp
  1184 | D:2      | Gained mutation: A weak demonic guardian rushes to your
                  | aid. [demonic ancestry]
  1184 | D:2      | Reached XP level 3. HP: 21/24 MP: 8/8
  1478 | D:2      | Identified the +10 short sword of Lil Urep {pain, *Slow rC+
                  | Dex+4 Stlth+}
  1532 | D:2      | Found a faded altar of an unknown god.
  1932 | D:3      | Found a sacrificial altar of Ru.
  1965 | D:3      | Gained mutation: When seriously injured, your blood forms
                  | armour. (AC +9) [demonic ancestry]
  1965 | D:3      | Reached XP level 4. HP: 31/31 MP: 9/9
  2016 | D:3      | Noticed Sigmund
  2025 | D:3      | Killed Sigmund
  2026 | D:3      | Reached XP level 5. HP: 29/39 MP: 10/10
  2132 | D:3      | Found a glowing drain.
  2160 | Sewer    | Entered a sewer
  2206 | Sewer    | Gained mutation: A demonic guardian rushes to your aid.
                  | [demonic ancestry]
  2206 | Sewer    | Reached XP level 6. HP: 44/46 MP: 11/11
  3109 | D:4      | Found a staircase to the Ecumenical Temple.
  3118 | Temple   | Entered the Ecumenical Temple
  3133 | Temple   | Became a worshipper of Fedhas Madash
  3217 | D:4      | Found an ancient bone altar of Kikubaaqudgha.
  3321 | D:4      | Gained mutation: You sometimes gain a little power by
                  | taking damage. [demonic ancestry]
  3321 | D:4      | Reached XP level 7. HP: 33/52 MP: 12/12
  3570 | D:4      | Reached * piety under Fedhas
  3634 | D:4      | Found a hazy altar of Hepliaklqana.
  3638 | D:4      | Found a shadowy altar of Dithmenos.
  3639 | D:4      | Noticed a shadow
  3676 | D:4      | Found an ornate altar of the Wu Jian Council.
  3739 | D:5      | Entered Level 5 of the Dungeon
  3781 | D:5      | Reached skill level 1 in Necromancy
  4117 | D:5      | Found a shimmering blue altar of Sif Muna.
  4453 | D:6      | Noticed a wyvern
  4467 | D:6      | Killed a wyvern
  4468 | D:6      | Gained mutation: You have a tail ending in a sharp stinger.
                  | [demonic ancestry]
  4468 | D:6      | Reached XP level 8. HP: 49/61 MP: 13/13
  4472 | D:6      | Reached skill level 5 in Stealth
  4488 | D:6      | Identified the +2 flail of Checks and Balances {freeze, rF+
                  | Str+3 Dex+3}
  4626 | D:6      | Reached ** piety under Fedhas
  4627 | D:6      | Reached skill level 5 in Fighting
  4632 | D:6      | Noticed Menkaure
  4640 | D:6      | Killed Menkaure
  4930 | D:6      | Reached skill level 1 in Armour
  4966 | D:6      | Noticed Duvessa
  4967 | D:6      | Noticed Dowan
  4992 | D:6      | Killed Duvessa
  4996 | D:6      | Killed Dowan
  4997 | D:6      | Reached skill level 5 in Short Blades
  5136 | D:6      | Reached XP level 9. HP: 59/67 MP: 8/14
  5206 | D:6      | Identified the ring "Joruesm" {Fly rF- Will++ Int+7}
  5854 | D:7      | Learned a level 3 spell: Vampiric Draining
  6299 | D:7      | Found a hide-covered altar of Uskayaw.
  6356 | D:8      | You are sucked into a shaft and drop 1 floor!
  6395 | D:9      | Reached skill level 1 in Invocations
  6425 | D:9      | Reached skill level 5 in Necromancy
  6461 | D:8      | Noticed Grum
  6510 | D:9      | Noticed Maggie
  6632 | D:9      | Killed Maggie
  6633 | D:9      | Reached skill level 2 in Invocations
  6660 | D:9      | Reached *** piety under Fedhas
  6897 | D:8      | Reached skill level 3 in Invocations
  6907 | D:8      | Killed Grum
  6917 | D:8      | Reached XP level 10. HP: 70/76 MP: 11/16
  7316 | D:8      | Reached skill level 4 in Invocations
  7595 | D:9      | Noticed Erolcha
  7622 | D:9      | Found a sparkling altar of Nemelex Xobeh.
  7629 | D:9      | Reached **** piety under Fedhas
  7634 | D:9      | Reached skill level 5 in Spellcasting
  7691 | D:9      | Killed Erolcha
  7692 | D:9      | Reached skill level 5 in Invocations
  7884 | D:9      | Reached skill level 6 in Invocations
  8129 | D:10     | Entered Level 10 of the Dungeon
  8129 | D:10     | Noticed a two-headed ogre
  8129 | D:10     | Found a staircase to the Orcish Mines.
  8140 | D:9      | Killed a two-headed ogre
  8402 | D:10     | Reached skill level 7 in Invocations
  8477 | D:10     | Noticed Snorg
  8522 | D:10     | Killed Snorg
  8523 | D:10     | Gained mutation: You sometimes gain power by taking damage.
                  | [demonic ancestry]
  8523 | D:10     | Reached XP level 11. HP: 42/81 MP: 11/18
  8622 | D:10     | Noticed Harold
  8636 | D:10     | Killed Harold
  8642 | D:10     | Reached skill level 8 in Invocations
  8678 | D:10     | Reached skill level 1 in Translocations
  8722 | D:10     | Noticed a two-headed ogre
  8743 | D:10     | Killed a two-headed ogre
  8773 | D:10     | Found a snail-covered altar of Cheibriados.
  8858 | D:10     | Found a broken altar of Ashenzari.
  9144 | D:11     | Found a staircase to the Lair.
  9170 | D:11     | Reached skill level 9 in Invocations
  9393 | D:11     | Found Zegyiw's Assorted Antiques.
  9976 | D:11     | Noticed a two-headed ogre
  9986 | D:11     | Killed a two-headed ogre
  9987 | D:11     | Reached skill level 10 in Invocations
 10129 | Lair:1   | Entered Level 1 of the Lair of Beasts
 10132 | Lair:1   | Found a dark tunnel.
 10142 | Volcano  | Entered a volcano
 10162 | Volcano  | Noticed a two-headed ogre
 10168 | Volcano  | Killed a two-headed ogre
 10193 | Volcano  | Noticed a two-headed ogre
 10205 | Volcano  | Killed a two-headed ogre
 10255 | Volcano  | Noticed a red draconian
 10309 | Volcano  | Killed a red draconian
 10310 | Volcano  | Reached skill level 11 in Invocations
 10344 | Volcano  | Noticed a two-headed ogre
 10346 | Volcano  | Noticed a two-headed ogre
 10347 | Volcano  | Noticed an ogre mage
 10350 | Volcano  | Killed a two-headed ogre
 10351 | Volcano  | Gained mutation: When seriously injured, your blood forms
                  | thick armour. (AC +9) [demonic ancestry]
 10351 | Volcano  | Reached XP level 12. HP: 88/88 MP: 20/20
 10357 | Volcano  | Killed a two-headed ogre
 10363 | Volcano  | Killed an ogre mage
 10364 | Volcano  | Reached skill level 10 in Short Blades
 10364 | Volcano  | Reached skill level 12 in Invocations
 10580 | Lair:1   | Found a frozen archway.
 10596 | IceCv    | Entered an ice cave
 10624 | IceCv    | Reached ***** piety under Fedhas
 11018 | IceCv    | Reached skill level 13 in Invocations
 11484 | IceCv    | Found a viscous altar of Jiyva.
 11484 | IceCv    | Noticed an azure jelly
 11487 | IceCv    | Noticed an azure jelly
 11504 | IceCv    | Killed an azure jelly
 11508 | IceCv    | Killed an azure jelly
 11509 | IceCv    | Reached skill level 5 in Dodging
 11534 | IceCv    | Got the Cyclopedia of Hail
 12199 | Lair:2   | Reached XP level 13. HP: 90/96 MP: 23/23
 12449 | Lair:2   | Found a staircase to the Shoals.
 12995 | Lair:3   | Reached skill level 14 in Invocations
 13000 | Lair:3   | Found a hole to the Spider Nest.
 13771 | Lair:4   | You are sucked into a shaft and drop 1 floor!
 13771 | Lair:5   | Entered Level 5 of the Lair of Beasts
 13909 | Lair:5   | Noticed a dire elephant
 13909 | Lair:5   | Noticed a dire elephant
 13926 | Lair:5   | Killed a dire elephant
 13927 | Lair:5   | Reached skill level 10 in Necromancy
 13935 | Lair:5   | Killed a dire elephant
 13984 | Lair:5   | Noticed a dire elephant
 13984 | Lair:5   | Noticed a dire elephant
 14003 | Lair:5   | Killed a dire elephant
 14042 | Lair:5   | Killed a dire elephant
 14340 | Lair:5   | Reached XP level 14. HP: 106/106 MP: 24/24
 14861 | Lair:4   | Found a staircase to the Slime Pits.
 15467 | Lair:5   | Reached skill level 15 in Invocations
 15643 | Lair:5   | Identified the +2 lajatang "Rokiem" {drain, rN+ Will++
                  | Dex+3}
 16068 | Lair:5   | Reached ****** piety under Fedhas
 16578 | D:12     | Noticed Josephine
 16638 | D:12     | Killed Josephine
 16791 | D:12     | Found Imuryck's Antique Weapon Boutique.
 16809 | D:12     | Bought a crude long sword for 195 gold pieces
 16809 | D:12     | Identified the +4 long sword of Purpose {protect, Will+
                  | Str+4 Dex-2} (You bought it in a shop on level 12 of the
                  | Dungeon)
 16929 | D:12     | Reached skill level 10 in Stealth
 17368 | D:13     | Noticed Jorgrun
 17400 | D:13     | Killed Jorgrun
 17478 | D:13     | Noticed Urug
 17486 | D:13     | Killed Urug
 17538 | D:13     | Found a gate leading to a gauntlet.
 17548 | Gauntlet | Entered a Gauntlet
 17548 | Gauntlet | Found a transporter.
 17552 | Gauntlet | Found a transporter.
 17553 | Gauntlet | Found a transporter.
 17567 | Gauntlet | Found a transporter.
 17569 | Gauntlet | Found a transporter.
 17582 | Gauntlet | Found a transporter.
 17587 | Gauntlet | Found a runed translucent door.
 17594 | Gauntlet | Found a transporter.
 17607 | Gauntlet | Found a transporter.
 17624 | Gauntlet | Found a transporter.
 17629 | Gauntlet | Found a transporter.
 17638 | Gauntlet | Found a transporter.
 17640 | Gauntlet | Found a transporter.
 17682 | Gauntlet | Found a transporter.
 17698 | Gauntlet | Found a transporter.
 18088 | Gauntlet | Gained mutation: You have a sharp stinger which inflicts
                  | weakening toxins. [demonic ancestry]
 18088 | Gauntlet | Reached XP level 15. HP: 101/115 MP: 24/26
 18659 | D:13     | Reached skill level 10 in Fighting
 19091 | D:14     | Identified a scroll of acquirement
 19167 | D:14     | Noticed Nessos
 19183 | D:14     | Killed Nessos
 19388 | D:14     | Reached skill level 16 in Invocations
 19538 | D:14     | Found a gate to the Vaults.
 19859 | D:14     | Learned a level 6 spell: Simulacrum
 19864 | D:14     | Learned a level 4 spell: Summon Ice Beast
 19864 | D:14     | Identified the ring of Equivalence {EV+5 Stlth+}
 19960 | D:15     | Entered Level 15 of the Dungeon
 19978 | D:15     | Reached skill level 1 in Ice Magic
 20020 | D:15     | Reached skill level 5 in Ice Magic
 20727 | D:15     | Identified the +0 tower shield of Uxaclame {rElec rPois rN+
                  | Dex-3}
 20727 | D:15     | Noticed Louise
 20761 | D:15     | Killed Louise
 20883 | D:15     | Found a staircase to the Depths.
 20915 | Depths:1 | Entered Level 1 of the Depths
 20923 | Depths:1 | Found a broken altar of Ashenzari.
 20983 | Depths:1 | Acquired the +1 pair of boots "Kaostriap" {Contam rC+ rN+
                  | Will+}
 20986 | Depths:1 | Acquired 1271 gold pieces
 21010 | D:15     | Learned a level 2 spell: Ensorcelled Hibernation
 21195 | Orc:1    | Entered Level 1 of the Orcish Mines
 21336 | Orc:2    | Entered Level 2 of the Orcish Mines
 21336 | Orc:2    | Found Uwnihaep's Antique Armour Emporium.
 21678 | Orc:2    | Reached XP level 16. HP: 83/123 MP: 28/28
 21700 | Orc:2    | Found a staircase to the Elven Halls.
 21883 | Orc:2    | Found Sipoega's Distillery.
 21895 | Orc:2    | Reached skill level 10 in Ice Magic
 21938 | Orc:2    | Found Illud's Weapon Shop.
 21941 | Orc:2    | Found Ilyus's Armour Emporium.
 21942 | Orc:2    | Found Giegawadd's Magic Scroll Shop.
 22152 | Orc:1    | Gained mutation: Your magical capacity is low. (-10% MP) [a
                  | neqoxec]
 22630 | Spider:1 | Entered Level 1 of the Spider Nest
 22715 | Spider:1 | Killed by an exploding ballistomycete spore

Illustrated notes

Levels and vault maps discovered:
D:1:      nagdon_arrival_double_spiral, layout_loops_ring, minmay_pentomino_s2
D:2:      layout_basic, hellmonk_ecumenical_altar_crossroads, minivault_26
D:3:      layout_basic, nicolae_ru_awakened_eye, portal_sewer_entry_b,
          uniq_sigmund
D:4:      layout_cave_pools, riverfiend_overflow_shadow_ancestor,
          pdpol_wu_jian_five_deadly_venoms, kennysheep_mini_moat,
          minmay_temple_entry_stoned_glass
D:5:      layout_rooms, elyvilon_altar_1, nicolae_sif_muna_little_library,
          hangedman_decor_riveting
D:6:      layout_basic, uniq_duvessa, uniq_menkaure
D:7:      layout_loops_corners, nicolae_uskayaw_suspiria
D:8:      layout_rooms, uniq_grum
D:9:      layout_basic, mainiacjoe_overflow_alcove_1, uniq_maggie, uniq_erolcha
D:10:     layout_cross, slow_altar_2, mainiacjoe_overflow_six_doors_small,
          uniq_snorg, uniq_harold
D:11:     layout_basic, lair_entry_dummy, serial_shops, shop
D:12:     layout_stronghold, serial_shops, shop_fountains, uniq_josephine
D:13:     layout_basic, gauntlet_entry_generic, uniq_urug, uniq_jorgrun
D:14:     layout_basic, hangedman_vaults_entry_quadrant_bands, nrook_campfire,
          hangedman_abyss_or_decor_jellyfish_corner, laboratory, uniq_nessos
D:15:     gammafunk_enter_depths_forms, layout_loops_ring, nicolae_water_bricks,
          uniq_louise
Temple:   minmay_freezing_vapour_temple
Lair:1:   layout_gridlike, enter_volcano_1, portal_ice_cave_entry_pillars_2,
          lemuel_fruit_fields
Lair:2:   layout_chaotic_city, nicolae_shoals_entry_roost,
          cheibrodos_lair_reptile_den
Lair:3:   layout_regular_city, hellmonk_spider_entry_not_the_bees, wad_woods_03,
          grunt_megastairs_5, lemuel_fruit_tree, infiniplex_staircase_pool
Lair:4:   layout_regular_city, nicolae_slime_entry_field_trip,
          serial_bayou_shore_b
Lair:5:   due_jungle_book, layout_regular_city, grunt_megastairs_1
Spider:1: layout_spider_delve, hangedman_spider_tarantella_strand, uniq_azrael
Orc:1:    layout_caves, basic_altar
Orc:2:    st_orc_elflike, layout_caves, serial_shops, shop
Depths:1: layout_cave_pools, nicolae_hell_entry_hellmouth_sunbeams,
          nicolae_ashenzari_skybound

Skill      XL: |  1  2  3  4  5  6  7  8  9 10 11 12 13 14 15 16 |
---------------+-------------------------------------------------+-----
Conjurations   | 2 |  2.4
Fighting       | 2 3 4 5 6 7 8 9 10 | 10.5
Short Blades   | 2 3 4 5 7 9 10 12 13 | 13.1
Stealth        | 2 3 4 5 6 7 8 9 10 | 10.9
Necromancy     | 2 4 5 8 9 10 11 12 | 12.0
Dodging        | 2 3 5 6 7 8 |  8.5
Armour         | 1 3 |  3.5
Invocations    | 3 7 11 13 14 15 16 | 16.0
Spellcasting   | 4 5 6 7 |  7.0
Translocations | 3 |  3.0
Ice Magic      | 9 11 | 11.8
Summonings     | 3 |  3.0

Action                   |  1- 3 |  4- 6 |  7- 9 | 10-12 | 13-15 | 16-18 || total
-------------------------+-------+-------+-------+-------+-------+-------++-------
Melee: Short sword       |    43 |   131 |   265 |   490 |   956 |    72 ||  1957
       Punch             |     2 |     1 |     2 |     8 |    18 |     2 ||    33
       Tailslap          |     3 |    17 |    38 |    91 |   164 |    11 ||   324
Throw: Dart              |    52 |    38 |    60 |    27 |    53 |       ||   230
 Cast: Magic Dart        |    35 |     2 |    12 |       |       |       ||    49
       Call Imp          |       |       |     9 |    15 |    28 |     2 ||    54
       Vampiric Draining |       |       |     3 |    41 |    29 |     3 ||    76
       Slow              |       |       |     1 |       |       |       ||     1
       Blink             |       |       |       |     3 |     8 |     1 ||    12
       Summon Ice Beast  |       |       |       |       |     7 |     2 ||     9
       Simulacrum        |       |       |       |       |     4 |     6 ||    10
       Ensorcelled Hiber |       |       |       |       |       |     2 ||     2
Invok: Grow Ballistomyce |       |       |       |     4 |    19 |     3 ||    26
       Overgrow          |       |       |       |       |     1 |       ||     1
Evoke: Wand              |       |       |     3 |     3 |     8 |     1 ||    15
       Tin of tremorston |       |       |       |     1 |     4 |       ||     5
  Use: Scroll            |       |       |    13 |    14 |    11 |       ||    38
       Potion            |       |       |     1 |     5 |    11 |     1 ||    18
 Stab: Sleeping          |     1 |     4 |     6 |    15 |    35 |       ||    61
       Distracted        |       |       |     2 |     3 |     7 |       ||    12
       Confused          |       |       |       |     3 |    16 |     2 ||    21
Armor: Robe              |     3 |       |       |       |       |       ||     3
       Ring mail         |     3 |     2 |    52 |       |       |       ||    57
       Leather armour    |     1 |    22 |    10 |    31 |       |       ||    64
       Swamp dragon scal |       |       |    10 |    98 |   213 |     6 ||   327
       Skin              |       |       |       |       |    76 |       ||    76
Dodge: Dodged            |    17 |    53 |   139 |   239 |   414 |    43 ||   905

Table legend: (Time is in decaauts)
 A = Elapsed time spent in this place.
 B = Non-inter-level travel time spent in this place.
 C = Inter-level travel time spent in this place.
 D = Time resting spent in this place.
 E = Time spent auto-exploring this place.
 F = Levels seen in this place.
 G = Mean time per level.
                   A        B        C        D        E       F      G
               +--------+--------+--------+--------+--------+-----+--------+
         Total |  22088 |  20834 |   1254 |    758 |   9616 |  29 |  761.7 |
       Dungeon |  13191 |  12281 |    910 |    284 |   6939 |  15 |  879.4 |
        Temple |     20 |     20 |      0 |      0 |      0 |   1 |   20.0 |
          Lair |   4744 |   4526 |    218 |     61 |   1912 |   5 |  948.8 |
   Spider Nest |     78 |     78 |      0 |      0 |     50 |   1 |   78.0 |
  Orcish Mines |   1272 |   1148 |    124 |     23 |    361 |   2 |  636.0 |
        Depths |     63 |     63 |      0 |      0 |      0 |   1 |   63.0 |
         Sewer |    658 |    658 |      0 |      0 |    349 |   1 |  658.0 |
      Ice Cave |    938 |    938 |      0 |    329 |      4 |   1 |  938.0 |
       Volcano |    209 |    209 |      0 |     46 |      0 |   1 |  209.0 |
      Gauntlet |    911 |    911 |      0 |     15 |      0 |   1 |  911.0 |
               +--------+--------+--------+--------+--------+-----+--------+

Top non-repeatable levels by time:
  Lair:5: 1495 daAuts
     D:9: 1307 daAuts
    D:11: 1222 daAuts
     D:1: 1111 daAuts
     D:6: 1079 daAuts
    D:14: 1077 daAuts
    D:12: 974 daAuts
    D:15: 971 daAuts
     D:7: 968 daAuts
   IceCv: 938 daAuts
Gauntlet: 911 daAuts
  Lair:4: 889 daAuts
  Lair:3: 853 daAuts
  Lair:2: 819 daAuts
     D:2: 795 daAuts
